 Dungeon Crawl Stone Soup version 0.26-a0-712-ga5a9c9c9d0 (webtiles) character file.

Game seed: 18280044370088330110

68 Azzok the Chopper (level 4, 29/35 HPs)
             Began as a Demonspawn Berserker on Nov 4, 2020.
             Was a Believer of Trog.
             Quit the game on level 2 of the Dungeon.
             The game lasted 00:01:37 (2029 turns).

Azzok the Chopper (Demonspawn Berserker)            Turns: 2029, Time: 00:01:37

Health: 29/35      AC:  7    Str: 18    XL:     4   Next: 1%
Magic:  4/4        EV: 11    Int:  8    God:    Trog [**....]
Gold:   90         SH:  0    Dex: 13    Spells: 3/3 levels left

rFire    . . .     SeeInvis .   a - +0 hand axe
rCold    . . .     Faith    .   (no shield)
rNeg     . . .     Spirit   .   d - +0 ring mail (curse)
rPois    .         Reflect  .   (no helmet)
rElec    .         Harm     .   (no cloak)
rCorr    .         Rampage  .   (no gloves)
MR       .....                  (no boots)
Stlth    +.........             (no amulet)
HPRegen  0.11/turn              (no ring)
MPRegen  0.09/turn              (no ring)

@: no status effects
A: molten scales 1, demonic guardian 1
a: Berserk, Trog's Hand, Renounce Religion


You were on level 2 of the Dungeon.
You worshipped Trog.
Trog was pleased with you.
You visited 1 branch of the dungeon, and saw 2 of its levels.

You collected 90 gold pieces.

Inventory:

Hand Weapons
 a - a +0 hand axe (weapon)
 b - a +0 dagger of protection
Armour
 d - a cursed +0 ring mail (worn)
Jewellery
 e - an uncursed ring of magical power {unknown}
Scrolls
 c - 4 scrolls of identify {unknown}
 f - a scroll of immolation {unknown}
 g - a scroll of fear {unknown}
 j - a scroll of remove curse {unknown}
Potions
 h - a potion of magic {unknown}
 i - a potion of curing {unknown}


   Skills:
 - Level 3.0 Fighting
 + Level 4.4 Axes
 - Level 1.7 Armour
 - Level 1.7 Dodging


You had 3 spell levels left.
You didn't know any spells.
Your spell library was empty.

Dungeon Overview and Level Annotations

Branches:
Dungeon (2/15)

Altars:
Dithmenos


Innate Abilities, Weirdness & Mutations

You are partially covered in molten scales. (AC +2)
A weak demonic guardian rushes to your aid.


Message History

The quokka bites you but does no damage.
You slash the goblin!
You kill the goblin!
Trog accepts your kill.
You hit the quokka. You closely miss the kobold. The kobold barely misses you.
The quokka barely misses you.
You barely miss the quokka.
The quokka is heavily wounded.
You hit the kobold.
You kill the kobold!
Trog accepts your kill. The quokka bites you.
You slash the quokka!
You kill the quokka!
Trog accepts your kill.
You have reached level 4!
You feel agile.
Your demonic ancestry asserts itself...
You feel the presence of a demonic guardian.
You closely miss the kobold. The kobold hits you.
Are you sure you want to abandon this character and quit the game? (Confirm with "yes".)

▒···▒ ·······
▒···▒▒▒▒▒ ·······
▒········ ·······▒▒
▒···▒▒▒▒▒ ········▒
▒▒···▒▒▒▒▒ ········▒▒
▒····▒···· ·········▒▒
▒▒······▒▒▒
······)K··▒▒▒▒··▒···▒▒
······†@··········▒▒▒
▒ ·▒▒·▒▒▒▒▒▒▒····▒▒▒▒
▒▒ ▒▒·······▒ ▒▒·
▒···▒▒▒▒·▒▒▒▒··
▒▒<···▒▒▒·▒▒···▒
▒···▒··▒▒····▒▒▒
▒▒··▒▒▒··········
▒·▒▒··▒▒ ▒▒▒▒·······
·▒·····▒▒▒ ▒·······


You could see a kobold.

Vanquished Creatures
  An adder (D:2)
  An ooze (D:1)
  A worm (D:2)
  3 leopard geckos
  5 bats
  2 giant cockroaches
  6 goblins
  4 hobgoblins
  4 jackals (D:2)
  2 quokkas (D:2)
  A ball python (D:1)
  2 frilled lizards (D:1)
  9 kobolds
  3 rats (D:1)
44 creatures vanquished.

Notes
Turn   | Place    | Note
-------+----------+-------------------------------------------
     0 | D:1      | Azzok the Demonspawn Berserker began the quest for the Orb.
     0 | D:1      | Reached XP level 1. HP: 18/18 MP: 1/1
   157 | D:1      | Reached skill level 3 in Axes
   158 | D:1      | Gained mutation: You are partially covered in molten
                  | scales. (AC +2) [demonic ancestry]
   158 | D:1      | Reached XP level 2. HP: 6/24 MP: 2/2
  1392 | D:2      | Reached XP level 3. HP: 27/29 MP: 3/3
  1401 | D:2      | Reached skill level 4 in Axes
  1408 | D:2      | Found a shadowy altar of Dithmenos.
  1508 | D:2      | Reached ** piety under Trog
  2027 | D:2      | Gained mutation: A weak demonic guardian rushes to your
                  | aid. [demonic ancestry]
  2027 | D:2      | Reached XP level 4. HP: 32/35 MP: 4/4
  2029 | D:2      | Quit the game

Illustrated notes

Levels and vault maps discovered:
D:1:      ebering_trefoil_3fold, layout_basic
D:2:      layout_rooms, nicolae_overflow_crystal_walls,
          nicolae_dithmenos_through_a_glass_darkly

Skill      XL: |  1  2  3 |
---------------+----------+-----
Axes           | 3 4 |  4.4
Fighting       | |  3.0
Armour         | |  1.7
Dodging        | |  1.7

Action                   |  1- 3 |  4- 6 || total
-------------------------+-------+-------++-------
Melee: Hand axe          |   159 |     1 ||   160
Armor: Animal skin       |    15 |       ||    15
       Ring mail         |    62 |       ||    62
Dodge: Dodged            |   131 |       ||   131

Table legend: (Time is in decaauts)
 A = Elapsed time spent in this place.
 B = Non-inter-level travel time spent in this place.
 C = Inter-level travel time spent in this place.
 D = Time resting spent in this place.
 E = Time spent auto-exploring this place.
 F = Levels seen in this place.
 G = Mean time per level.
                   A        B        C        D        E       F      G
               +--------+--------+--------+--------+--------+-----+--------+
         Total |   2047 |   2030 |     17 |     12 |   1688 |   2 | 1023.5 |
       Dungeon |   2047 |   2030 |     17 |     12 |   1688 |   2 | 1023.5 |
               +--------+--------+--------+--------+--------+-----+--------+

Top non-repeatable levels by time:
     D:1: 1396 daAuts
     D:2: 650 daAuts
